 Seeded DCSS version 0.30.1-11-g7821555f0a (webtiles) character file.

Game seed: 9938364161540474565 (custom seed)

46 Psyclone the Conjurer (level 3, -16/19 HPs)
             Began as a Deep Elf Conjurer on Nov 10, 2023.
             Demolished by Crazy Yiuf
             ... wielding a +4 quarterstaff of chaos
              (17 damage)
             ... on level 2 of the Dungeon.
             The game lasted 00:01:59 (807 turns).

Psyclone the Conjurer (Deep Elf Conjurer)            Turns: 807, Time: 00:02:00

Health: -16/19     AC:  9    Str:  4    XL:     3   Next: 46%
Magic:  8/10       EV: 12    Int: 24    God:
Gold:   61         SH:  0    Dex: 13    Spells: 9/10 levels left

rFire   . . .        d - +0 short sword
rCold   . . .        (no shield)
rNeg    . . .        a - +0 robe
rPois   .            (no helmet)
rElec   .            (no cloak)
rCorr   .            e - +2 pair of gloves
SInv    .            (no boots)
Will    .....        c - amulet of regeneration
Stlth   ++           f - +4 ring of protection
HPRegen 1.03/turn    (no ring)
MPRegen 0.12/turn

%: no passive effects
@: lethally poisoned (-16 -> -20), very slightly contaminated
A: no striking features
a: no special abilities


You were on level 2 of the Dungeon.
You visited 1 branch of the dungeon, and saw 2 of its levels.

You collected 61 gold pieces.

Inventory:

Hand Weapons
 d - a +0 short sword (weapon)
Armour
 a - a +0 robe (worn)
 e - a +2 pair of gloves (worn)
Jewellery
 c - an amulet of regeneration (around neck)
 f - a +4 ring of protection (left hand)
Scrolls
 g - a scroll of brand weapon {unknown}
Potions
 b - a potion of magic


   Skills:
 - Level 2.4 Dodging
 - Level 2.4 Stealth
 + Level 4.3 Spellcasting
 + Level 5.1 Conjurations


You had 9 spell levels left.
You knew the following spells:

 Your Spells              Type           Power      Damage    Failure   Level
a - Magic Dart            Conj           100%       1d8       1%          1

Your spell library contained the following spells:

 Spells                   Type           Power      Damage    Failure   Level
 Searing Ray              Conj           60%        2d6       1%          2
 Dazzling Flash           Conj/Hex       34%        N/A       10%         3
 Fulminant Prism          Conj/Hex       8%         3d6       32%         4
 Iskenderun's Mystic Bla  Conj/Tloc      17%        2d5       32%         4


Dungeon Overview and Level Annotations

Branches:
Dungeon (2/15) Zot: 11193

Altars:

Annotations:
D:2 Crazy Yiuf


Message History

Casting: Magic Dart (safe; 1% risk of failure)
Confirm with . or Enter, or press ? or * to list all spells.
You can't see any susceptible monsters within range! (Use Z to cast anyway.) Unknown command.
You now have 61 gold pieces (gained 6).
There is a stone staircase leading down here.
Found a dagger.
MP restored: 10
Found a hammer.
Found a runed translucent door.
Crazy Yiuf shouts!
You open the door.
Crazy Yiuf says, "Snower sallow broken!"
Casting: Magic Dart (safe; 1% risk of failure)
Confirm with . or Enter, or press ? or * to list all spells.
You don't know that spell.
Unknown command.
Casting: Magic Dart (safe; 1% risk of failure)
Confirm with . or Enter, or press ? or * to list all spells.
Aiming: Magic Dart (safe; 1% risk of failure)
Press: ? - help, Shift-Dir - straight line, f - Crazy Yiuf
Aim: Crazy Yiuf, wielding a +4 quarterstaff of chaos and wearing a +0 cloak of willpower (100% to hit)
You miscast Magic Dart.
You are very lightly contaminated with residual magic.
Nothing appears to happen.
Crazy Yiuf hits you with a +4 quarterstaff of chaos.
You are poisoned.
You take 6 damage, and have 13/19 hp.
MASSIVE DAMAGE!!
You now have 9/10 mp.
Casting: Magic Dart (safe; 1% risk of failure)
Confirm with . or Enter, or press ? or * to list all spells.
Aiming: Magic Dart (safe; 1% risk of failure)
Press: ? - help, Shift-Dir - straight line, f/p - Crazy Yiuf
Aim: Crazy Yiuf, wielding a +4 quarterstaff of chaos and wearing a +0 cloak of willpower (100% to hit)
The magic dart hits Crazy Yiuf.
Crazy Yiuf is lightly wounded.
You feel very sick.
Crazy Yiuf hits you with a +4 quarterstaff of chaos!
* * * LOW HITPOINT WARNING * * *
You are electrocuted!
Ouch! That really hurt!
You die...

##### ....# ## ###.# ####
### #########. #
#.###..#### ###..)#
#....##...
###.).......####@g...#
#.......##
.######......#..##...#
#......##.
....####.#..#.### ###
#......#..
..#.##..#######
#......#.. #...#..##
#........# ##..#.##
############ #......#..
##.>.# #.#.##.##....#
#####(.#.. #..##
#.#.##.##....# #...##.
#..#
#.#.#........######.#..##


You could see Crazy Yiuf.

Vanquished Creatures
  2 adders (D:2)
  A ball python (D:1)
  4 endoplasms (D:2)
  2 goblins (D:2)
  A hobgoblin (D:2)
  7 jackals (D:2)
  A kobold (D:1)
  A quokka (D:2)
  3 bats
  A frilled lizard (D:2)
  A rat (D:2)
24 creatures vanquished.

Notes
Turn   | Place    | Note
-------+----------+-------------------------------------------
     0 | D:1      | Psyclone the Deep Elf Conjurer began the quest for the Orb.
     0 | D:1      | Reached XP level 1. HP: 10/10 MP: 6/6
    39 | D:2      | Found a faded altar of an unknown god.
   206 | D:2      | Reached XP level 2. HP: 15/15 MP: 5/8
   590 | D:2      | Reached skill level 5 in Conjurations
   590 | D:2      | Reached XP level 3. HP: 19/19 MP: 4/10
   801 | D:2      | Found a runed translucent door.
   802 | D:2      | Noticed Crazy Yiuf
   807 | D:2      | Demolished by Crazy Yiuf

Illustrated notes

Levels and vault maps discovered:
D:1:      eino_arrival_water_cross, layout_basic, chequers_big_river,
          wander_ebering_terrifying_dragon_lair
D:2:      layout_basic, nicolae_ecumenical_pavilion,
          minmay_misc_feat_more_columns, nrook_mini_vaults,
          uniq_crazy_yiuf_cottage

Skill      XL: |  1  2 |
---------------+-------+-----
Spellcasting   | 4 |  4.3
Conjurations   | 5 |  5.1
Dodging        | |  2.4
Stealth        | |  2.4

Action                     || total
---------------------------++-------
  Melee: Short sword       ||    30
         Punch             ||     1
   Cast: Magic Dart        ||    38
    Use: Potion            ||     1
 Armour: Robe              ||    21
  Dodge: Dodged            ||    16
